Cogmind - Beta 17 @@@ ROGUE MODE // 2026.07.15 @ 20:00:42 Player: Mediocre Result: Establishing 0b11! Performance ------------- Evolutions (9) 4500 Regions Visited (25) 5000 Robots Destroyed (462) 2310 Value Destroyed (29468) 29468 Prototype IDs (367) 7340 Alien Tech Used (4) 800 Bonus (43956) 43956 TOTAL SCORE: 93374 Bonus ------- High Alert Combat Kills 8828 Follower Combat Kills 4850 Entered Garrisons 1800 Used RIF Installer 5000 Destroyed MAIN.C Guards 500 Met MAIN.C 5000 Destroyed MAIN.C Shell 5000 Destroyed MAIN.C 10000 Win 3000 Friendly Fire -22 Cogmind --------- Core Integrity 1309/1600 Matter 300/300 Energy 359/380 System Corruption 0% +Membrane Temperature Cool (16) +ITN Movement Treading (166) Location 0b11 Command Parts ------- > --- POWER (2) -------- Zero-point Reactor Zero-point Reactor > --- PROPULSION (6) --- Armored Heavy Treads Armored Heavy Treads Advanced Heavy Siege Treads > --- UTILITY (11) ----- Experimental Heat Sink Experimental Cooling System Huge Storage Unit Experimental Targeting Computer Experimental Core Analyzer Improved Armor Integrity Analyzer Advanced Kinecellerator Heavy Regenerative Plating Graphene Brace AEGIS Remote Shield > --- WEAPON (6) ------- Helical Railgun Helical Railgun Helical Railgun Multirail Multirail Power Sword > --- INVENTORY (25) --- Quantum Reactor Zero-point Reactor Armored Heavy Treads Armored Heavy Treads Advanced Heat Sink Advanced Cooling System Experimental Coolant Injector Experimental Matter Compressor (500) Heavy Regenerative Plating Thermal Barrier High-powered Transdimensional Reconstructor Subatomic Replicator Heavy Quantum Rifle Improved Heavy Machine Gun Multirail Multirail Perforator Peak State ------------ > --- POWER ------------ Zero-point Reactor Zero-point Reactor > --- PROPULSION ------- Armored Heavy Treads Armored Heavy Treads Advanced Heavy Siege Treads > --- UTILITY ---------- Experimental Heat Sink Experimental Cooling System Huge Storage Unit Experimental Targeting Computer Experimental Core Analyzer Improved Armor Integrity Analyzer Advanced Kinecellerator Heavy Regenerative Plating Graphene Brace AEGIS Remote Shield > --- WEAPON ----------- Helical Railgun Helical Railgun Helical Railgun Multirail Multirail Multirail > --- INVENTORY -------- Quantum Reactor Zero-point Reactor Armored Heavy Treads Armored Heavy Treads Armored Heavy Treads Advanced Heat Sink Advanced Cooling System Experimental Coolant Injector Experimental Matter Compressor Heavy Regenerative Plating Thermal Barrier High-powered Transdimensional Reconstructor Subatomic Replicator Heavy Quantum Rifle Improved Heavy Machine Gun Multirail Perforator Power Sword [Rating: 238] Favorites ----------- Power Quantum Reactor Engine Reinforced Deuterium Engine Power Core Light Nuclear Core Reactor Quantum Reactor Propulsion Light Treads Treads Light Treads Leg Biometal Leg Wheel Wheel Utility Advanced Heat Sink Device Advanced Heat Sink Storage Huge Storage Unit Processor Core Analyzer Hackware Relay Coupler [Sentry] Protection Light Armor Plating Weapon KE Penetrator Energy Gun Enhanced Quantum Rifle Energy Cannon Heavy Phase Cannon Ballistic Gun KE Penetrator Ballistic Cannon Hardcell Cannon Launcher Rocket Launcher Special Weapon Advanced Remote Datajack Impact Weapon Maul Slashing Weapon Power Sword Special Melee Weapon Improved Datajack Build | -11 -10 -9 -8 -8 -8 -8 -7 -7 -6 -6 -5 -5 -4 -4 -3 -3 -3 -2 -2 -2 -2 -2 -2 -1 -1 ------- Run | Yrd Mat Mat Mat Gar Mat Gar Fac Gar Fac Gar Fac Gar Fac Gar Res Qua Gar Res Gar Res Tes Gar Sec Acc Com Slots Evolved 18 | . . 2 2 . . . 2 . 2 . 2 . 2 . 2 . . 2 . . . . . 2 . Power 1 | . . . . . . . . . . . . . 1 . . . . . . . . . . . . Propulsion 4 | . . 1 . . . . 1 . . . 2 . . . . . . . . . . . . . . Utility 9 | . . . 1 . . . 1 . 1 . . . 1 . 2 . . 2 . . . . . 1 . Weapon 4 | . . 1 1 . . . . . 1 . . . . . . . . . . . . . . 1 . Parts Attached 372 | 4 6 16 10 16 3 18 1 14 3 10 9 8 8 14 23 14 18 23 27 4 27 32 12 18 34 Power 32 | . 2 2 1 . 1 1 . 3 . 1 . 1 1 . 3 1 1 1 2 . 3 2 1 2 3 Engine 6 | . 2 1 1 . . . . 1 . 1 . . . . . . . . . . . . . . . Core 5 | . . 1 . . 1 1 . 2 . . . . . . . . . . . . . . . . . Reactor 21 | . . . . . . . . . . . . 1 1 . 3 1 1 1 2 . 3 2 1 2 3 Propulsion 100 | 2 . 6 4 5 . 7 . 4 . 1 3 1 2 4 6 7 6 4 3 . 6 12 5 6 6 Treads 66 | 2 . 6 4 5 . 7 . 4 . 1 3 1 2 4 2 . 6 4 3 . 4 2 . . 6 Leg 30 | . . . . . . . . . . . . . . . 1 7 . . . . 2 9 5 6 . Wheel 4 | . . . . . . . . . . . . . . . 3 . . . . . . 1 . . . Hover . | . . . . . . . . . . . . . . . . . . . . . . . . . . Flight . | . . . . . . . . . . . . . . . . . . . . . . . . . . Utility 118 | . 3 3 2 3 2 3 1 3 2 4 2 2 4 4 7 3 7 10 13 1 7 8 5 3 16 Device 37 | . 1 1 1 . . . 1 . 1 4 . 1 1 2 1 2 1 2 2 . 3 3 . 3 7 Storage 5 | . 2 . . . 1 . . 1 . . . . . . . . . . . . . . . . 1 Processor 11 | . . . . 1 . . . 1 . . . . . . 1 . . 2 1 . . . 2 . 3 Hackware 41 | . . . . . 1 1 . . . . 1 . 1 1 5 1 5 4 7 1 3 4 3 . 3 Protection 24 | . . 2 1 2 . 2 . 1 1 . 1 1 2 1 . . 1 2 3 . 1 1 . . 2 Artifact . | . . . . . . . . . . . . . . . . . . . . . . . . . . Weapon 122 | 2 1 5 3 8 . 7 . 4 1 4 4 4 1 6 7 3 4 8 9 3 11 10 1 7 9 Energy Gun 18 | 1 . 1 . . . . . 2 . . . 1 . . . . 4 3 . . 2 1 . 3 . Energy Cannon 15 | . . . . . . . . . . 1 1 . . 1 2 1 . 2 . 1 3 2 . 1 . Ballistic Gun 70 | 1 . 4 3 4 . 5 . 2 1 2 3 2 1 5 4 2 . 2 8 2 4 4 . 3 8 Ballistic Cannon 2 | . . . . . . . . . . . . . . . . . . . . . 1 . . . 1 Launcher 4 | . . . . 1 . . . . . . . 1 . . . . . 1 . . . 1 . . . Special Weapon 9 | . 1 . . . . 2 . . . 1 . . . . 1 . . . 1 . 1 1 1 . . Impact Weapon 1 | . . . . 1 . . . . . . . . . . . . . . . . . . . . . Slashing Weapon 2 | . . . . 1 . . . . . . . . . . . . . . . . . 1 . . . Piercing Weapon . | . . . . . . . . . . . . . . . . . . . . . . . . . . Special Melee Weapon 1 | . . . . 1 . . . . . . . . . . . . . . . . . . . . . Unidentified Prototypes 21 | . . . . . . . . . 1 . . . . . 1 1 . 2 . 1 6 1 . . 8 Parts Lost 106 | . . 1 . 1 . 6 . 9 . 2 3 1 . 7 9 4 2 19 2 . 17 5 4 6 8 Power 14 | . . . . . . 1 . 2 . . . . . . 1 . 1 1 . . 4 . 2 . 2 Propulsion 26 | . . . . . . 2 . . . 1 1 . . 3 4 1 . 5 . . 4 4 . . 1 Utility 33 | . . 1 . 1 . 1 . 1 . . 1 1 . 3 2 1 1 9 2 . 6 1 . 2 . Weapon 33 | . . . . . . 2 . 6 . 1 1 . . 1 2 2 . 4 . . 3 . 2 4 5 Highest Loss Streak 11 | . . 1 . 1 . 2 . 4 . 1 1 1 . 4 5 3 1 11 1 . 11 2 3 1 6 To Critical Strikes 2 | . . . . . . . . . . . . . . 1 1 . . . . . . . . . . Average Backups 20 | 1 5 13 14 14 16 19 18 19 16 19 23 24 23 23 23 24 24 21 24 24 23 23 22 23 18 Power 1 | . 1 1 1 1 1 1 1 . . . 1 2 1 1 1 1 . . 1 1 . 1 . 1 1 Propulsion 2 | . . 3 4 3 3 3 2 2 2 1 1 2 2 1 . 5 3 1 . 1 . . 2 3 2 Utility 9 | . 1 3 4 4 5 7 8 8 9 12 13 11 11 12 11 7 10 10 13 14 12 11 9 8 6 Weapon 5 | . 2 4 4 4 4 4 5 5 2 2 5 6 6 6 7 6 6 5 5 5 6 7 7 5 5 Tool/Special . | . . . . . . . . . . . . . . . . . . . . . . . . . . Unused Backups 67 | . . 2 1 4 . 2 . 4 1 2 1 5 . 1 6 6 6 1 5 . 4 1 . . 15 Power 7 | . . 1 . . . . . . . . . 2 . . 2 . . . . . . 1 . . 1 Propulsion 13 | . . . 1 . . . . 1 . . . . . . 2 3 3 . . . 1 . . . 2 Utility 21 | . . . . 2 . 2 . 2 1 2 1 1 . 1 . . . . 2 . 2 . . . 5 Weapon 18 | . . 1 . 2 . . . . . . . 2 . . 1 2 2 1 2 . 1 . . . 4 Tool/Special 8 | . . . . . . . . 1 . . . . . . 1 1 1 . 1 . . . . . 3 Average Slot Usage (%) 88 | . 74 99 96 98 100 99 99 90 79 83 78 82 80 89 82 96 92 74 83 85 81 89 97 94 84 Engine 1 | . 5 8 9 9 3 . . . . 4 5 . . . . . . . . . . . . . . Core 1 | . . 2 . . 5 8 7 6 6 1 . . . . . . . . . . . . . . . Reactor 5 | . . . . . . . . . . . . 4 8 10 8 9 8 7 8 8 6 8 7 8 7 Treads 15 | . 28 33 27 27 27 27 30 24 13 12 13 18 15 21 14 3 17 13 14 17 12 11 . . 10 Leg 3 | . . . . . . . . . . . . . . . . 15 5 . . . 1 8 26 24 2 Device 10 | . . 1 8 7 . . 6 7 6 11 8 11 13 12 5 12 17 12 10 7 11 8 10 15 19 Storage 5 | . 10 11 9 9 9 9 7 7 6 6 5 5 5 5 4 4 4 4 4 4 4 4 4 4 4 Processor 5 | . . . . . 9 9 7 11 6 6 5 5 5 5 4 4 4 3 8 8 5 4 5 4 10 Hackware 6 | . . . . . 1 . . . . . 1 . . 2 13 13 6 8 11 13 16 18 20 18 4 Protection 3 | . . 8 9 9 7 8 7 2 11 7 4 4 4 4 4 1 1 1 2 4 . 1 . . 2 Energy Gun 3 | . 12 1 . . . . . . 13 8 1 3 5 5 4 1 12 12 3 . . . . 5 . Energy Cannon 3 | . . . . . . . . . . 2 1 5 5 5 3 7 5 4 4 4 2 2 9 9 . Ballistic Gun 16 | . 14 31 33 34 34 34 30 24 12 16 23 18 14 14 14 12 1 1 12 14 14 14 6 5 18 Special Weapon 1 | . 1 . . . . . . . . 1 2 . . . . . 3 1 1 2 2 1 3 . . Peak Build Rating 238 | 4 8 15 21 28 30 34 33 66 75 79 90 117 134 124 131 149 159 165 163 147 161 153 173 191 238 Average Rating 118 | 2 5 12 18 22 28 28 32 43 70 74 78 111 128 120 125 132 145 138 148 144 141 140 159 177 218 On Entrance 88 | . 4 8 14 21 28 28 28 33 58 72 74 89 117 123 122 118 148 156 143 144 146 144 152 165 175 Avg Prop Armor Cover (%) 16 | 29 28 . . . . . . . . 8 . . . . 12 13 1 . . . 3 13 . . 7 Naked Turns . | . . . . . . . . . . . . . . . . . . . . . . . . . . Heaviest Build 217 | 2 26 37 49 49 64 61 61 108 115 130 128 141 174 173 179 157 202 217 176 164 164 169 172 181 193 Greatest Support 225 | 3 40 60 60 60 60 60 80 150 150 150 225 225 225 196 191 176 218 218 210 191 191 187 165 168 200 Greatest Overweight (x) 15 | . 2 . . . 1 1 . 1 . 1 . . . 1 15 7 1 1 . . 1 4 1 1 1 Average Overweight (x) . | . . . . . . . . . . . . . . . . 1 . . . . . 1 . . . Largest Inventory Capacity 25 | 5 15 15 15 15 20 20 20 25 25 25 25 25 25 25 25 25 25 25 25 25 25 25 25 25 25 Average Capacity 23 | 5 8 15 15 15 18 20 20 21 25 25 25 25 25 25 25 25 25 25 25 25 25 25 25 25 25 Most Carried 25 | 3 9 15 15 15 17 20 19 25 20 25 25 25 25 25 25 25 25 25 25 25 25 25 25 25 25 Average Carried 21 | 1 5 13 14 14 16 19 18 20 18 20 23 24 24 24 23 24 24 22 24 24 24 24 23 24 22 Final Capacity 25 | 5 15 15 15 15 20 20 20 25 25 25 25 25 25 25 25 25 25 25 25 25 25 25 25 25 25 Final Carried 25 | 3 8 14 15 15 16 20 19 21 16 24 25 25 24 25 25 25 25 22 25 25 25 25 25 25 21 Class Distribution -------------------- 40% | Botlord-Tank 16% | Botlord-Gunner 10% | Scavenger-Executioner 8% | Scavenger-Tank 7% | Bothacker-Gunner 5% | Bothacker-Tank 5% | Botlord-Executioner 3% | Scavenger-Gunner Dominant Class ---------------- Mutant | -10/Materials Scavenger-Tank | -9/Materials Scavenger-Tank | -8/Materials Scavenger-Tank | -8/Garrison Scavenger-Gunner | -8/Materials Bothacker-Gunner | -8/Garrison Bothacker-Gunner | -7/Factory Bothacker-Gunner | -7/Garrison Bothacker-Tank | -6/Factory Bothacker-Tank | -6/Garrison Botlord-Tank | -5/Factory Botlord-Tank | -5/Garrison Botlord-Tank | -4/Factory Botlord-Tank | -4/Garrison Botlord-Tank | -3/Research Botlord-Gunner | -3/Quarantine Botlord-Tank | -3/Garrison Botlord-Tank | -2/Research Botlord-Tank | -2/Garrison Botlord-Tank | -2/Research Botlord-Tank | -2/Testing Botlord-Gunner | -2/Garrison Botlord-Gunner | -2/Section 7 Botlord-Executioner | -1/Access Scavenger-Executioner | -1/Command Resources | -11 -10 -9 -8 -8 -8 -8 -7 -7 -6 -6 -5 -5 -4 -4 -3 -3 -3 -2 -2 -2 -2 -2 -2 -1 -1 ----------- Run | Yrd Mat Mat Mat Gar Mat Gar Fac Gar Fac Gar Fac Gar Fac Gar Res Qua Gar Res Gar Res Tes Gar Sec Acc Com Matter Collected 21605 | 187 110 460 240 805 298 1001 . 1171 . 771 427 554 477 1036 1251 548 750 735 1129 94 2700 1386 829 761 3885 Remotely . | . . . . . . . . . . . . . . . . . . . . . . . . . . Salvage Created 29033 | . 295 1056 374 853 371 1311 . 1648 . 932 676 1237 633 1884 2393 983 510 2268 1731 215 2474 1925 477 1786 3001 Parts 1327 | . 17 60 27 57 22 80 . 57 . 37 25 46 22 78 136 54 20 82 76 15 128 65 18 88 117 Haulers Intercepted 8 | . 1 . . . . . . . . . 1 . . . 1 . . 2 . . 2 . . 1 . Recyclers Shooed 8 | . . . 1 . . . . . . . . . . . 2 . . 2 . . 1 . . . 2 Parts Field Recycled . | . . . . . . . . . . . . . . . . . . . . . . . . . . Retrieved Matter . | . . . . . . . . . . . . . . . . . . . . . . . . . . Parts Self-Destructed . | . . . . . . . . . . . . . . . . . . . . . . . . . . Prevented . | . . . . . . . . . . . . . . . . . . . . . . . . . . Parts Restored . | . . . . . . . . . . . . . . . . . . . . . . . . . . Kills | -11 -10 -9 -8 -8 -8 -8 -7 -7 -6 -6 -5 -5 -4 -4 -3 -3 -3 -2 -2 -2 -2 -2 -2 -1 -1 ------- Run | Yrd Mat Mat Mat Gar Mat Gar Fac Gar Fac Gar Fac Gar Fac Gar Res Qua Gar Res Gar Res Tes Gar Sec Acc Com Combat Hostiles Destroyed 427 | . 2 17 8 27 10 28 . 54 . 22 7 19 7 26 24 14 8 24 28 4 28 25 7 21 17 Melee 2 | . . . . . 1 . . . . . . . . . . . . . 1 . . . . . . Guns 257 | . 2 17 8 25 9 24 . 33 . 14 2 12 2 19 11 5 3 11 21 1 7 11 . 5 15 Cannons 80 | . . . . . . . . . . 6 3 3 4 7 7 5 4 5 2 1 21 . 4 6 2 AOE 53 | . . . . 2 . 4 . 21 . 2 . 1 . . 3 1 . . 3 2 . 11 . 3 . Classes Destroyed 21 | . 6 5 . . . 6 . 1 . . . . . 1 1 . . . . . . . . . 1 Worker 20 | . 1 . . . . . . . . . . . . . 9 . . 2 . 2 . . . 1 5 Builder 11 | . . . . . . . . . . . . . . . 6 . . 2 . . 1 . 1 1 . Tunneler 3 | . 1 . . . . . . . . . . . . . . . . 1 . 1 . . . . . Hauler 8 | . 1 . . . . . . . . . 1 . . . 1 . . 2 . . 2 . . 1 . Recycler 14 | . 1 3 1 . . . . . . . . . 1 . 2 . . . . . . . . . 6 Operator 3 | . . 1 . . 1 . . . . . . . . . . . . . . 1 . . . . . Watcher 16 | . 2 3 . . . . . 1 . . 1 1 . . 3 . . . . . 2 . . 2 1 Swarmer 56 | . . 3 3 13 4 . . . . 4 1 3 . . 1 . 2 4 4 2 . 7 2 3 . Cutter 6 | . . . . . . . . . . . . . . 1 . . . . 5 . . . . . . Grunt 129 | . 2 6 2 8 5 11 . 6 . 14 . 10 3 11 5 5 4 6 6 . 6 9 2 8 . Brawler 14 | . . 1 . 2 . . . . . 2 . 2 . . . . . 2 . . 4 1 . . . Duelist 10 | . . 1 . 1 1 . . . . 1 . 1 . 2 . 1 . 1 . . . 1 . . . Protector 2 | . . . . . . 1 . . . . . . . . . . . . . . 1 . . . . Sentry 46 | . . 6 3 3 . 7 . 2 . . 4 1 2 3 1 . 1 2 7 . 1 1 . 1 1 Demolisher 2 | . . . . . . 1 . . . . . . . . . . . . . . 1 . . . . Specialist 8 | . . . . . . 1 . . . . 1 . . . . . . . 1 . 2 1 2 . . Hunter 34 | . . . . . . 1 . 1 . . . 1 2 3 8 2 . 6 1 2 . 2 . 4 1 Programmer 69 | . . . . . . 5 . 2 . 1 2 . . 4 9 6 1 4 4 . 12 3 1 5 10 Heavy 1 | . . . . . . . . . . . . . . . . . . . . . . . . . 1 Behemoth 6 | . . . . . . 1 . . . . . 1 . 2 . . . . 1 . . . . . 1 M Guard 1 | . . . . . . . . . . . . . . . . . . . . . . . . . 1 Protovariant Y 1 | . . . . . . . . . . . . . . . . . . . . . 1 . . . . Assembled 43 | . . . . . . . . 43 . . . . . . . . . . . . . . . . . Best Kill Streak 24 | . 3 5 4 7 6 8 . 24 . 4 6 9 5 6 7 5 2 9 5 4 11 8 2 6 4 Combat Bots Only 24 | . 2 4 4 7 6 8 . 24 . 4 6 9 5 6 5 5 2 7 5 2 10 8 2 5 4 Max Kills in Single Turn 4 | . 1 1 2 2 2 2 . 2 . 3 2 2 1 2 4 2 1 2 3 3 3 4 1 2 2 Gunslinging 1 | . . . 1 1 1 . . 1 . . . 1 . . . . . . . . . 1 . . 1 Exploded 4 | . . . . 1 . 2 . 2 . 2 . 1 . . 1 1 . . 2 2 . 4 . 2 . Melee 1 | . . . . . 1 . . . . . . . . . . . . . 1 . . . . . . Uniques/NPCs Destroyed 2 | . . . . . . . . . . . . . . . . . . . . . . . . . 2 MAIN.C Shell (-1/Command) MAIN.C (-1/Command) Combat | -11 -10 -9 -8 -8 -8 -8 -7 -7 -6 -6 -5 -5 -4 -4 -3 -3 -3 -2 -2 -2 -2 -2 -2 -1 -1 -------- Run | Yrd Mat Mat Mat Gar Mat Gar Fac Gar Fac Gar Fac Gar Fac Gar Res Qua Gar Res Gar Res Tes Gar Sec Acc Com Hostile Shots Fired 2611 | . 16 77 26 101 37 122 . 215 9 71 31 64 42 240 219 54 52 269 162 34 207 122 104 121 216 Missed 812 | . 5 19 6 26 11 49 . 81 3 28 8 19 11 81 93 22 16 68 38 6 54 34 34 49 51 Hits 1799 | . 11 58 20 75 26 73 . 134 6 43 23 45 31 159 126 32 36 201 124 28 153 88 70 72 165 Melee 34 | . . 6 . . . . . 8 . . . 2 . 7 . . . 1 6 . . 4 . . . Projectile 1765 | . 11 52 20 75 26 73 . 126 6 43 23 43 31 152 126 32 36 200 118 28 153 84 70 72 165 AOE 16 | . . . . . . 2 . . . . . . . 1 . . . . 4 . 4 . . . 5 Critical Strikes 87 | . . . 4 2 1 5 . . . . 2 3 . 12 2 2 2 10 6 . 5 4 6 6 15 Actively Blocked 50 | . . . . . . . . . . . . . . . . 2 1 5 6 . 5 4 6 6 15 Part Disruptions 11 | . . . . . . . . 2 . 1 . . . . . . . 2 . . 1 . . 1 4 Damage Taken 37359 | . 161 809 172 510 311 1318 . 1894 45 908 477 890 522 2598 2447 693 799 4199 2669 742 4306 2373 1853 1525 5138 Core 2313 | . 31 98 . 37 17 70 . 159 . 37 46 44 . 213 145 94 59 126 207 67 183 195 194 140 151 Absorbed by Shields 3368 | . . . 72 296 . . . . . . . 68 200 683 . . 21 306 774 . . . . . 948 Reduced by Siege Mode 168 | . . . . . . . . . . . . 6 . 43 . . . . . . . . . . 119 Regen/Repaired (Parts) 2340 | . . . . . . . . . . . . . . . . . . . . . 711 . 1051 . 578 Core Remaining (%) 80 | 100 87 75 . . . 77 . 77 . 95 . 91 . 81 . . 77 . . . . . 45 . 81 Volleys Fired 1366 | . 28 57 14 52 13 57 . 86 . 50 22 34 17 100 126 38 79 81 78 16 85 50 112 54 117 Largest 6 | . 2 3 4 4 4 4 . 4 . 5 5 5 5 5 5 5 5 5 5 4 5 5 4 6 6 Hottest 463 | . 100 80 92 100 100 100 . 104 . 273 189 254 254 254 364 383 398 398 300 216 253 228 220 463 284 Shots Fired 3683 | . 54 170 54 158 52 205 . 232 . 180 96 140 61 326 280 105 134 201 230 21 174 130 144 136 400 Gun 2728 | . 53 170 54 155 52 199 . 203 . 145 82 110 44 241 171 45 55 122 166 6 105 97 20 87 346 Cannon 633 | . . . . . . . . . . 31 11 26 12 75 77 55 36 47 46 8 35 10 85 44 35 Launcher 87 | . . . . 3 . 3 . 29 . . . 4 . . 8 3 . 13 3 2 . 12 4 3 . Special 235 | . 1 . . . . 3 . . . 4 3 . 5 10 24 2 43 19 15 5 34 11 35 2 19 Kinetic 2257 | . 27 156 54 155 52 199 . 201 . 94 76 90 33 184 131 42 . 17 127 6 116 94 20 24 359 Thermal 1025 | . 27 14 . . . . . 2 . 72 17 46 23 132 117 58 91 152 85 8 24 10 85 43 19 Explosive 50 | . . . . 3 . 3 . 29 . . . . . . . . . . 3 2 . 7 . 3 . Electromagnetic 117 | . . . . . . . . . . 10 . 4 . . 8 3 . 13 . . . 8 4 64 3 Robot Hit Streak 53 | . 13 12 13 10 12 47 . 19 . 19 6 8 13 30 20 9 14 15 17 11 16 17 10 13 53 Robot Miss Streak 7 | . 3 3 3 4 3 3 . 7 . 4 7 3 2 5 4 5 5 5 5 1 7 3 3 4 5 Penetration Max 2 | . . . . . . . . 2 . 1 . 1 . 1 2 1 . . 1 . 2 2 . . 1 Secondary Targets 44 | . . 3 2 8 3 3 . 9 . 1 1 1 . . 1 . . . 2 . 2 4 . . 4 Max Gunslinging Chain 2 | . . 1 1 1 1 1 . 1 . 1 1 1 . . 1 . . . 1 . 1 1 . . 2 Shots Hit Robots 2117 | . 38 113 34 104 41 143 . 169 . 112 52 71 28 171 119 44 74 102 111 9 111 90 44 77 260 Core Hits 1155 | . 17 44 17 43 16 64 . 134 . 55 23 42 16 77 78 25 16 49 67 9 87 67 9 45 155 Critical Kills 35 | . . . . . . . . . . . 2 . 1 . 2 . 1 . 2 . 22 . 1 3 1 Critical Parts Destroyed 47 | . . . . 2 . 3 . 2 . . . 1 . 2 . . . . 2 . 22 1 . . 12 Critical Strikes 107 | . . . . 2 . 3 . 3 . 1 2 1 1 3 2 . 1 . 4 . 54 1 1 5 23 Burn 3 | . . . . . . . . . . 1 . . . . . . . . . . 2 . . . . Meltdown 7 | . . . . . . . . . . . 2 . . . 1 . 1 . 1 . . . 1 1 . Destroy 94 | . . . . 2 . 3 . 2 . . . 1 1 3 1 . . . 3 . 52 1 . 2 23 Corrupt 2 | . . . . . . . . . . . . . . . . . . . . . . . . 2 . Sever 1 | . . . . . . . . 1 . . . . . . . . . . . . . . . . . Melee Attacks 119 | . . . . 19 11 7 . 34 3 2 . . . . . . . . . . . 22 . . 21 Impact 10 | . . . . 10 . . . . . . . . . . . . . . . . . . . . . Slashing 95 | . . . . 1 5 7 . 34 3 2 . . . . . . . . . . . 22 . . 21 Piercing . | . . . . . . . . . . . . . . . . . . . . . . . . . . Sneak Attacks 13 | . . . . 8 4 . . . . . . . . . . . . . . . . . . . 1 Combat Hostiles . | . . . . . . . . . . . . . . . . . . . . . . . . . . Follow-up Attacks . | . . . . . . . . . . . . . . . . . . . . . . . . . . Damage Inflicted 65285 | . 392 1196 484 1757 782 3001 . 5602 . 2916 1018 2263 749 5393 4609 2279 1322 4122 4029 835 3073 5140 945 3578 9800 Guns 41031 | . 386 1190 469 1447 530 2547 . 2319 . 1911 758 1459 473 3939 2995 684 945 2220 2404 89 2137 1604 119 1690 8716 Cannons 10114 | . . . . . . . . . . 640 253 423 276 1454 597 1060 377 816 749 81 911 138 601 949 789 Explosions 10491 | . . . . 310 . 454 . 1759 . 348 . 381 . . 974 535 . 1017 818 665 . 2185 202 843 . Melee 3061 | . . . . . 252 . . 1524 . . . . . . . . . . . . . 1213 . . 72 Ramming 588 | . 6 6 15 . . . . . . 17 7 . . . 43 . . 69 58 . 25 . 23 96 223 Kinetic 32680 | . 139 1092 469 1447 530 2547 . 2287 . 1309 682 1122 201 2773 2150 625 . 231 1589 89 2331 1545 119 333 9070 Thermal 17618 | . 247 98 . . . . . 32 . 1170 329 760 548 2620 1643 1293 1322 2805 1564 81 717 227 601 1126 435 Explosive 6767 | . . . . 310 . 454 . 1759 . 348 . . . . . . . . 818 665 . 1749 . 664 . Electromagnetic 4571 | . . . . . . . . . . 72 . 381 . . 773 361 . 1017 . . . 406 202 1359 . Impact . | . . . . . . . . . . . . . . . . . . . . . . . . . . Slashing 3061 | . . . . . 252 . . 1524 . . . . . . . . . . . . . 1213 . . 72 Piercing . | . . . . . . . . . . . . . . . . . . . . . . . . . . Highest Corruption 38 | . . . . . . 1 . 1 . 1 2 2 . . 6 12 15 11 15 15 30 38 38 . . Average Corruption 12 | . . . . . . 1 . 1 . 1 1 2 . . 2 7 13 5 12 15 22 35 38 . . Corruption Purged . | . . . . . . . . . . . . . . . . . . . . . . . . . . Corruption Blocked . | . . . . . . . . . . . . . . . . . . . . . . . . . . Effects 445 | . . . . . . 6 . 1 . 5 1 19 . . 25 31 52 25 56 12 70 75 67 . . Message Errors 92 | . . . . . . . . . . 1 . 1 . . 4 7 9 6 15 2 18 20 9 . . Matter Fused 106 | . . . . . . 2 . 1 . 1 . 6 . . 8 7 13 8 10 5 14 13 18 . . Heat Flow Errors 47 | . . . . . . 3 . . . . 1 2 . . 1 5 4 2 7 . 6 9 7 . . Energy Discharges 49 | . . . . . . . . . . . . 1 . . 4 4 9 2 4 1 11 7 6 . . Parts Rejected 3 | . . . . . . . . . . . . 1 . . . . . . 1 . 1 . . . . Parts Fused 2 | . . . . . . 1 . . . . . . . . 1 . . . . . . . . . . Data Loss (minor) 51 | . . . . . . . . . . 1 . 5 . . 4 3 8 4 5 3 6 6 6 . . Data Loss (major) 15 | . . . . . . . . . . . . 1 . . . 2 3 . 3 . 2 2 2 . . Misfires 20 | . . . . . . . . . . 1 . 2 . . . 1 2 . 4 . 1 4 5 . . Alerts 11 | . . . . . . . . . . . . . . . 2 . 2 1 2 . 1 2 1 . . Misdirections 10 | . . . . . . . . . . . . . . . . . . . 1 . 3 1 5 . . Weapon Failures 39 | . . . . . . . . . . 1 . . . . 1 2 2 2 4 1 7 11 8 . . Overload Shots . | . . . . . . . . . . . . . . . . . . . . . . . . . . Overflow Damage 718 | . . . . . 25 . . 78 . 8 . . . 6 91 . 13 62 63 95 12 59 6 151 49 Projectiles 208 | . . . . . . . . . . 7 . . . 6 33 . 13 7 . . 12 . 6 76 48 Explosions 403 | . . . . . . . . 33 . 1 . . . . 58 . . 55 63 95 . 37 . 61 . Melee 107 | . . . . . 25 . . 45 . . . . . . . . . . . . . 22 . 14 1 Knockbacks 33 | . 1 . . . . . . . . . . . . . . . . . 1 . 22 . . 2 7 Impact 5 | . 1 . . . . . . . . . . . . . . . . . 1 . . . . 2 1 Kinetic 27 | . . . . . . . . . . . . . . . . . . . . . 21 . . . 6 Secondary 1 | . . . . . . . . . . . . . . . . . . . . . 1 . . . . Self-Inflicted Damage 382 | . . . . . . . . 49 . 108 . . . . . . . . 166 . . 59 . . . Shots 7 | . . . . . . . . 1 . 1 . . . . . . . . 2 . . 3 . . . Rammed 24 | . 2 1 3 . . . . . . 1 2 . . . 2 . . 2 7 . 3 . . . 1 Targets Rammed 36 | . 2 1 3 . . . . . . 1 2 . . . 2 . . 2 8 . 3 . 2 4 6 Kicked 10 | . . . . . . . . . . . . . . . . . . . . . . . 2 4 4 Crushed 2 | . . . . . . . . . . . . . . . . . . . 1 . . . . . 1 Highest Temperature 449 | . 132 112 88 280 302 244 . 9 . 312 222 296 106 449 415 278 . 354 301 84 247 231 232 320 54 Average Temperature 73 | . 49 19 37 75 111 92 . 5 . 113 42 52 44 51 111 130 . 89 77 30 76 63 59 69 24 Received Heat Transfer 4631 | . 93 246 66 161 126 456 . 353 12 324 99 279 29 750 66 63 111 217 235 27 297 207 216 126 72 Effects 5 | . . . . . . . . . . . . . . 2 1 2 . . . . . . . . . Interference 4 | . . . . . . . . . . . . . . 2 . 2 . . . . . . . . . Damage (minor) 1 | . . . . . . . . . . . . . . . 1 . . . . . . . . . . Siege Activations 4 | . . . . . . . . . . . . 1 . 2 . . . . . . . . . . 1 Total Turns 99 | . . . . . . . . . . . . 7 . 35 . . . . . . . . . . 57 Longest Duration 57 | . . . . . . . . . . . . 7 . 25 . . . . . . . . . . 57 Martial Activations . | . . . . . . . . . . . . . . . . . . . . . . . . . . Shielding Activations . | . . . . . . . . . . . . . . . . . . . . . . . . . . Robots Disrupted 3 | . . . . . . . . . . . . . . . 1 . . . . . . 1 . 1 . Combat Hostiles 3 | . . . . . . . . . . . . . . . 1 . . . . . . 1 . 1 . Robots Corrupted 30 | . . . . . . . . . . . . 3 . . 3 3 . 8 . . . 3 2 8 . Combat Hostiles 27 | . . . . . . . . . . . . 3 . . 2 3 . 8 . . . 3 2 6 . Parts Fried 43 | . . . . . . . . . . 1 . 3 . . 5 3 . 10 . . . 7 2 12 . Impact Corruptions 2 | . . . . . . . . . . . . . . . . . . . . . . . . 1 1 Robots Melted 8 | . . . . . . . . . . . 2 . 1 . 1 . 1 . 1 . . . 1 1 . Combat Hostiles 8 | . . . . . . . . . . . 2 . 1 . 1 . 1 . 1 . . . 1 1 . Parts Melted 42 | . . . . . . . . . . 4 2 2 2 3 3 . 4 8 6 . 2 1 3 2 . Heat Transferred 19604 | . 575 225 . . . . . 74 . 2245 444 851 629 2923 1630 1112 1386 3034 1702 74 721 272 518 927 262 Parts Sabotaged . | . . . . . . . . . . . . . . . . . . . . . . . . . . Parts Stolen . | . . . . . . . . . . . . . . . . . . . . . . . . . . Parts Stripped . | . . . . . . . . . . . . . . . . . . . . . . . . . . Power Chain Reactions 8 | . . . . . . . . . . . . . . . 4 1 . . . . . 1 . 2 . Alert | -11 -10 -9 -8 -8 -8 -8 -7 -7 -6 -6 -5 -5 -4 -4 -3 -3 -3 -2 -2 -2 -2 -2 -2 -1 -1 ------- Run | Yrd Mat Mat Mat Gar Mat Gar Fac Gar Fac Gar Fac Gar Fac Gar Res Qua Gar Res Gar Res Tes Gar Sec Acc Com Maximum Alert Level 5 | . . . . 3 2 4 2 3 2 4 3 4 3 4 3 2 4 4 5 4 4 5 3 2 2 Low Security (%) 10 | 100 100 100 100 11 . . . . . . . . . . . 83 3 . . . . . . . . Level 1 10 | . . . . 28 . 3 . . . 4 . . 15 16 . 11 15 . . . . . 1 25 43 Level 2 33 | . . . . 36 99 23 100 23 100 22 77 25 59 18 64 4 3 . 7 . 66 . 79 74 56 Level 3 32 | . . . . 24 . 65 . 76 . 46 22 71 25 53 35 . 49 87 31 83 19 17 18 . . Level 4 8 | . . . . . . 7 . . . 26 . 2 . 12 . . 28 12 38 16 14 21 . . . Level 5 3 | . . . . . . . . . . . . . . . . . . . 22 . . 60 . . . High Security . | . . . . . . . . . . . . . . . . . . . . . . . . . . Max Security . | . . . . . . . . . . . . . . . . . . . . . . . . . . Peak Influence 1819 | . 45 163 171 919 549 1189 623 1083 547 1345 759 1166 786 1163 840 472 1591 1207 1819 1207 1151 1756 1002 614 421 Initial 1023 | . . . 55 98 447 350 623 415 547 329 705 443 611 266 654 472 190 894 657 1023 661 843 987 279 382 Average 711 | . 8 99 98 498 444 812 609 791 510 935 640 837 619 776 664 179 907 918 1240 1037 731 1474 548 483 328 Influence Increases 17092 | . 102 512 256 891 262 899 . 718 3 1056 296 753 255 1007 1008 513 1541 1165 1262 313 1384 1023 436 697 740 Destroy 0b10 Robot/C 8790 | . 40 340 160 540 200 540 . 220 . 580 200 440 140 520 560 280 600 660 660 100 820 500 105 315 270 Destroy 0b10 Robot/NC 447 | . 30 35 5 . 10 5 . 35 . . 15 5 5 . 105 . . 40 . 20 40 25 4 20 48 Destroy Leader 1242 | . 16 106 60 30 30 30 . . . 60 44 30 30 50 128 20 80 154 40 20 120 50 24 78 42 Allied During Kill 1225 | . . . . 3 . . . . . 66 24 10 . . 25 . 459 156 65 14 233 . 21 . 149 Successful Hack 150 | . . 13 . 14 4 . . . . . 5 . . . . 27 14 8 . 24 . . . 41 . Select Force Hacks 30 | . . . . . . . . . . . . . . . . . . 30 . . . . . . . Disable Machine 639 | . . . . . 15 . . . . . . 15 30 . 60 120 15 30 30 . 90 30 60 60 84 Anti-Garrison Action 2188 | . . . . 200 . 250 . 400 . 200 . 150 . 250 . . 300 . 300 . . 138 . . . Destroy Structure 1583 | . 1 3 1 29 3 29 . 63 3 60 8 43 50 52 100 66 58 72 152 120 66 220 138 123 123 Partial Spotted 69 | . 15 . . . . . . . . . . . . . 15 . . 15 . . . . 12 12 . Lose Combat Pursuer 729 | . . 15 30 75 . 45 . . . 90 . 60 . 135 15 . 15 . 15 15 15 60 72 48 24 Influence Decreases 16664 | . 102 380 237 123 642 249 596 268 576 181 1008 220 1040 225 1331 1099 204 1880 319 956 1435 392 1726 565 910 Entered New Map 8294 | . . . 77 53 472 189 566 178 496 141 640 190 555 115 509 368 64 697 219 796 515 282 769 187 216 Time Decay 4570 | . 102 370 160 . 130 . 30 . 80 . 278 . 90 . 592 416 . 458 . 140 490 . 422 318 494 Lost Part 1060 | . . 10 . 10 . 60 . 90 . 20 30 10 . 70 90 40 20 190 20 . 170 50 40 60 80 Lost Ally 1340 | . . . . 60 40 . . . . 20 60 20 20 40 140 . 120 160 80 20 260 60 120 . 120 Purge Threat 1400 | . . . . . . . . . . . . . 375 . . 275 . 375 . . . . 375 . . Squads Dispatched 73 | . . 1 2 . 4 . . . . . 2 . 2 . 12 6 . 15 . 1 13 . 8 4 3 Investigation 7 | . . 1 . . 1 . . . . . . . . . 3 . . 1 . . . . . 1 . Extermination 19 | . . . . . . . . . . . 1 . . . 4 2 . 2 . . 4 . 2 1 3 Reinforcement 18 | . . . . . 2 . . . . . . . 1 . 2 1 . 3 . . 2 . 5 2 . Assault 13 | . . . . . . . . . . . . . . . 3 . . 4 . 1 4 . 1 . . Garrison 16 | . . . 2 . 1 . . . . . 1 . 1 . . 3 . 5 . . 3 . . . . Intercept . | . . . . . . . . . . . . . . . . . . . . . . . . . . Searches Triggered . | . . . . . . . . . . . . . . . . . . . . . . . . . . Construction Impeded 3 | . . . . . . . . . . . . . . . . . . 1 . . 1 . 1 . . Haulers Reinforced 5 | . . . . . . . . . . . . . . . 1 . . 1 . . 1 . . 2 . Active Scanning Responses . | . . . . . . . . . . . . . . . . . . . . . . . . . . Cargo Convoy Interrupts . | . . . . . . . . . . . . . . . . . . . . . . . . . . Alert ID Control Effect 25 | . . . . . . . . . . . . . . . . . . . . . . . 12 . 13 Stealth | -11 -10 -9 -8 -8 -8 -8 -7 -7 -6 -6 -5 -5 -4 -4 -3 -3 -3 -2 -2 -2 -2 -2 -2 -1 -1 --------- Run | Yrd Mat Mat Mat Gar Mat Gar Fac Gar Fac Gar Fac Gar Fac Gar Res Qua Gar Res Gar Res Tes Gar Sec Acc Com Distress Signals 30 | . . . . . 1 . . 3 . . 1 . . . 1 . . . . . 1 . . 1 22 Communications Jammed 38 | . . . . . . . . . . . . . . . . . . . . . . . 5 26 7 Distress Signals 38 | . . . . . . . . . . . . . . . . . . . . . . . 5 26 7 Times Spotted 703 | . 6 26 8 28 16 28 . 64 1 34 15 24 8 27 44 18 43 52 42 11 67 37 39 29 36 Peak Tracking Total 11 | . 2 5 4 7 4 10 . 6 1 4 6 6 3 6 5 5 7 10 5 5 11 10 6 5 5 Tactical Retreats 48 | . . 1 1 3 . 2 . 8 . 6 . 3 . 8 1 . 1 . 1 1 1 2 3 4 2 Traps | -11 -10 -9 -8 -8 -8 -8 -7 -7 -6 -6 -5 -5 -4 -4 -3 -3 -3 -2 -2 -2 -2 -2 -2 -1 -1 ------- Run | Yrd Mat Mat Mat Gar Mat Gar Fac Gar Fac Gar Fac Gar Fac Gar Res Qua Gar Res Gar Res Tes Gar Sec Acc Com Traps Triggered 25 | . . . . . 1 4 . 2 . 1 . 2 . 1 2 . 1 . 3 . 1 1 4 . 2 Indirectly 2 | . . . . . . . . . . . . 1 . . 1 . . . . . . . . . . Trap Hack Attempts . | . . . . . . . . . . . . . . . . . . . . . . . . . . Triggered . | . . . . . . . . . . . . . . . . . . . . . . . . . . Disarmed . | . . . . . . . . . . . . . . . . . . . . . . . . . . Reprogrammed . | . . . . . . . . . . . . . . . . . . . . . . . . . . Reused . | . . . . . . . . . . . . . . . . . . . . . . . . . . Traps Extracted . | . . . . . . . . . . . . . . . . . . . . . . . . . . Installed . | . . . . . . . . . . . . . . . . . . . . . . . . . . Triggered . | . . . . . . . . . . . . . . . . . . . . . . . . . . Machines | -11 -10 -9 -8 -8 -8 -8 -7 -7 -6 -6 -5 -5 -4 -4 -3 -3 -3 -2 -2 -2 -2 -2 -2 -1 -1 ---------- Run | Yrd Mat Mat Mat Gar Mat Gar Fac Gar Fac Gar Fac Gar Fac Gar Res Qua Gar Res Gar Res Tes Gar Sec Acc Com Machines Disabled 76 | . . . . 2 1 3 . 2 . 5 . 3 2 4 4 8 5 2 6 . 7 5 5 5 7 Max in Single Turn 2 | . . . . 1 1 1 . 1 . 2 . 1 . 1 1 1 1 1 1 . 1 1 1 1 1 Garrison Access 3 | . . . . . . . . . . . . . . . . . . 1 . 1 . . . 1 . Garrison Relay 21 | . . . . 2 . 2 . 1 . 3 . 1 . 2 . . 4 . 3 . . 3 . . . Phase Generator 3 | . . . . . . 1 . 1 . 1 . . . . . . . . . . . . . . . Machines Repaired . | . . . . . . . . . . . . . . . . . . . . . . . . . . Machines Dismantled 2 | . . . . . . 1 . 1 . . . . . . . . . . . . . . . . . Machines Sabotaged . | . . . . . . . . . . . . . . . . . . . . . . . . . . Overloaded Fab Kills . | . . . . . . . . . . . . . . . . . . . . . . . . . . Hacking | -11 -10 -9 -8 -8 -8 -8 -7 -7 -6 -6 -5 -5 -4 -4 -3 -3 -3 -2 -2 -2 -2 -2 -2 -1 -1 --------- Run | Yrd Mat Mat Mat Gar Mat Gar Fac Gar Fac Gar Fac Gar Fac Gar Res Qua Gar Res Gar Res Tes Gar Sec Acc Com Machines Accessed 55 | . 1 6 1 1 2 . 1 2 1 1 5 1 1 2 7 4 2 2 1 2 2 3 . 6 1 Terminals 36 | . 1 5 . 1 . . . 2 . 1 3 1 . 2 6 1 2 . 1 1 . 3 . 5 1 Fabricators 1 | . . . . . . . . . . . . . . . . . . . . . 1 . . . . Repair Stations . | . . . . . . . . . . . . . . . . . . . . . . . . . . Recycling Units . | . . . . . . . . . . . . . . . . . . . . . . . . . . Scanalyzers 7 | . . 1 . . 1 . . . . . 1 . . . 1 2 . 1 . . . . . . . Garrison Access 11 | . . . 1 . 1 . 1 . 1 . 1 . 1 . . 1 . 1 . 1 1 . . 1 . Total Hacks 115 | . 1 17 2 1 7 . 1 2 1 1 10 3 1 3 18 7 2 10 3 2 3 5 . 14 1 Successful 51 | . 1 6 1 1 7 . 1 . 1 . 4 1 1 . 3 4 1 6 1 2 2 1 . 6 1 Failed 62 | . . 10 1 . . . . 2 . 1 6 2 . 3 15 3 1 3 2 . 1 4 . 8 . Catastrophic 17 | . . . . . . . . 2 . . 1 . . 2 5 1 1 . 1 . . 2 . 2 . Database Lockouts 2 | . . 1 . . . . . . . . . . . . . . . 1 . . . . . . . Manual 34 | . . 11 . . . . . . . . 5 2 . . 8 2 . 5 . . . . . 1 . Terminals 74 | . 1 14 . 1 . . . 2 . 1 7 3 . 3 15 2 2 . 3 1 . 5 . 13 1 Fabricators 2 | . . . . . . . . . . . . . . . . . . . . . 2 . . . . Repair Stations . | . . . . . . . . . . . . . . . . . . . . . . . . . . Recycling Units . | . . . . . . . . . . . . . . . . . . . . . . . . . . Scanalyzers 22 | . . 3 . . 6 . . . . . 2 . . . 3 4 . 4 . . . . . . . Garrison Access 17 | . . . 2 . 1 . 1 . 1 . 1 . 1 . . 1 . 6 . 1 1 . . 1 . Terminal Hacks 17 | . 1 3 . 1 . . . . . . 1 1 . . 1 . 1 . 1 1 . 1 . 4 1 Prototype ID Bank 1 | . . 1 . . . . . . . . . . . . . . . . . . . . . . . Open Door 4 | . . . . . . . . . . . . . . . . . . . . . . . . 3 1 Branch Access Points 5 | . . 1 . . . . . . . . 1 . . . 1 . . . . 1 . . . 1 . Emergency Access Points 2 | . . . . . . . . . . . . 1 . . . . . . 1 . . . . . . Zone Layout 2 | . 1 1 . . . . . . . . . . . . . . . . . . . . . . . Garrison Registry 3 | . . . . 1 . . . . . . . . . . . . 1 . . . . 1 . . . Fabricator Hacks 1 | . . . . . . . . . . . . . . . . . . . . . 1 . . . . Build 1 | . . . . . . . . . . . . . . . . . . . . . 1 . . . . Repair Station Hacks . | . . . . . . . . . . . . . . . . . . . . . . . . . . Recycling Unit Hacks . | . . . . . . . . . . . . . . . . . . . . . . . . . . Scanalyzer 14 | . . 1 . . 6 . . . . . . . . . 2 2 . 3 . . . . . . . Insert Component 1 | . . . . . . . . . . . . . . . . 1 . . . . . . . . . Retrieve Study 13 | . . 1 . . 6 . . . . . . . . . 2 1 . 3 . . . . . . . Garrison Access Hacks 11 | . . . 1 . 1 . 1 . 1 . 1 . 1 . . 1 . 1 . 1 1 . . 1 . Unlock Access 9 | . . . 1 . 1 . 1 . 1 . 1 . 1 . . 1 . 1 . . 1 . . . . Seal Access 2 | . . . . . . . . . . . . . . . . . . . . 1 . . . 1 . Unauthorized Hacks 8 | . . 2 . . . . . . . . 2 . . . . 1 . 2 . . . . . 1 . Terminals 6 | . . 2 . . . . . . . . 2 . . . . 1 . . . . . . . 1 . Assimilate 1 | . . 1 . . . . . . . . . . . . . . . . . . . . . . . Botnet 5 | . . 1 . . . . . . . . 2 . . . . 1 . . . . . . . 1 . Fabricators . | . . . . . . . . . . . . . . . . . . . . . . . . . . Repair Stations . | . . . . . . . . . . . . . . . . . . . . . . . . . . Recycling Units . | . . . . . . . . . . . . . . . . . . . . . . . . . . Scanalyzers . | . . . . . . . . . . . . . . . . . . . . . . . . . . Garrison Access 2 | . . . . . . . . . . . . . . . . . . 2 . . . . . . . Reprogram 1 | . . . . . . . . . . . . . . . . . . 1 . . . . . . . Eject 1 | . . . . . . . . . . . . . . . . . . 1 . . . . . . . Data Cores Recovered 1 | . . 1 . . . . . . . . . . . . . . . . . . . . . . . Used 1 | . . 1 . . . . . . . . . . . . . . . . . . . . . . . Hacking Detections 43 | . . 5 1 1 1 . . 2 1 1 4 1 1 2 7 4 1 1 1 1 1 2 . 5 . Full Trace Events 7 | . . 1 . . . . . . . . . . . 1 3 . . . 1 . . . . 1 . Feedback Events . | . . . . . . . . . . . . . . . . . . . . . . . . . . Feedback Blocked . | . . . . . . . . . . . . . . . . . . . . . . . . . . Robot Schematics Acquired 1 | . . . . . . . . . . . . . . . . . . . . . . . 1 . . Robots Built . | . . . . . . . . . . . . . . . . . . . . . . . . . . Authchips . | . . . . . . . . . . . . . . . . . . . . . . . . . . Time . | . . . . . . . . . . . . . . . . . . . . . . . . . . Total Robot Build Rating . | . . . . . . . . . . . . . . . . . . . . . . . . . . Part Schematics Acquired 3 | . . . . . . . . . . . . . . . . . . . . . . . 3 . . Parts Built 2 | . . . . . . . . . . . . . . . . . . . . . 2 . . . . Authchips . | . . . . . . . . . . . . . . . . . . . . . . . . . . Time 139 | . . . . . . . . . . . . . . . . . . . . . 139 . . . . Total Part Build Rating 18 | . . . . . . . . . . . . . . . . . . . . . 18 . . . . Part Studies Acquired 13 | . . 1 . . 6 . . . . . . . . . 2 1 . 3 . . . . . . . Parts Repaired . | . . . . . . . . . . . . . . . . . . . . . . . . . . Time . | . . . . . . . . . . . . . . . . . . . . . . . . . . Parts Recycled . | . . . . . . . . . . . . . . . . . . . . . . . . . . Recycled Matter . | . . . . . . . . . . . . . . . . . . . . . . . . . . Retrieved Matter . | . . . . . . . . . . . . . . . . . . . . . . . . . . Retrieved Components . | . . . . . . . . . . . . . . . . . . . . . . . . . . Parts Scanalyzed . | . . . . . . . . . . . . . . . . . . . . . . . . . . Part Schematics Acquired . | . . . . . . . . . . . . . . . . . . . . . . . . . . Parts Damaged . | . . . . . . . . . . . . . . . . . . . . . . . . . . Bothacking | -11 -10 -9 -8 -8 -8 -8 -7 -7 -6 -6 -5 -5 -4 -4 -3 -3 -3 -2 -2 -2 -2 -2 -2 -1 -1 ------------ Run | Yrd Mat Mat Mat Gar Mat Gar Fac Gar Fac Gar Fac Gar Fac Gar Res Qua Gar Res Gar Res Tes Gar Sec Acc Com Used RIF Installer 10 | . . . . 2 . 1 . . . 1 . 1 . 1 . . 1 . 1 . . 2 . . . Coupler Efficiency 3 | . . . . . . . . . . . . 1 . 1 . . 1 . . . . . . . . Threat Obfuscator 1 | . . . . . . . . . . . . . . . . . . . . . . 1 . . . Robot Detection 1 | . . . . 1 . . . . . . . . . . . . . . . . . . . . . Watcher Feeds 1 | . . . . . . . . . . 1 . . . . . . . . . . . . . . . Patrol Navigation 1 | . . . . . . 1 . . . . . . . . . . . . . . . . . . . Alert ID Control 1 | . . . . . . . . . . . . . . . . . . . . . . 1 . . . Program Shield 1 | . . . . . . . . . . . . . . . . . . . 1 . . . . . . Robots Hacked 136 | . . . . . 4 1 . . . . 1 . 1 2 12 1 17 12 10 5 29 7 20 2 12 Non-combat 17 | . . . . . . . . . . . . . 1 . . 1 . 4 . 2 3 . 5 . 1 Combat 119 | . . . . . 4 1 . . . . 1 . . 2 12 . 17 8 10 3 26 7 15 2 11 Robot Hacks Applied 167 | . . . . . 5 3 . . . . 2 . 3 7 17 2 20 16 10 5 31 8 22 2 14 parse_system 7 | . . . . . . . . . . . . . . 1 1 . . 1 . 1 2 . . . 1 ignore_repairs 1 | . . . . . . . . . . . . . . . . . . . . 1 . . . . . map_walls 1 | . . . . . . . . . . . . . . . . . . . . . . . 1 . . drop_inventory 2 | . . . . . . . . . . . . . . . . . . . . . 1 . 1 . . purge_threat 11 | . . . . . . . . . . . . . 3 . . 2 . 3 . . . . 3 . . block_reporting 2 | . . . . . . . . . . . . . . . . . . . . . . . 2 . . disable_scanner 5 | . . . . . . . . . . . . . . . . . . . . . 2 . 3 . . emergency_deploy 2 | . . . . . . . . . . . . . . . . . . 1 . . 1 . . . . find_garrison 4 | . . . . . 1 . . . . . 1 . . . 1 . . 1 . . . . . . . reboot_propulsion 3 | . . . . . . . . . . . . . . 2 . . 1 . . . . . . . . scatter_targeting 18 | . . . . . . 1 . . . . . . . 1 3 . . . . . 7 . 2 2 2 link_complan 1 | . . . . . . 1 . . . . . . . . . . . . . . . . . . . broadcast_data 1 | . . . . . . . . . . . . . . 1 . . . . . . . . . . . disrupt_area 5 | . . . . . . 1 . . . . . . . 1 1 . 1 . . . . . . . 1 overload_power 2 | . . . . . . . . . . . . . . . . . 1 . . . . . . . 1 amplify_resonance 20 | . . . . . . . . . . . . . . 1 2 . 3 4 2 1 1 5 1 . . wipe_record 3 | . . . . . 1 . . . . . . . . . 1 . 1 . . . . . . . . reboot_system 14 | . . . . . 1 . . . . . . . . . 2 . 2 2 1 . 3 . 1 . 2 overwrite_iff 6 | . . . . . 2 . . . . . . . . . . . . 1 . . 1 2 . . . formatsys_low 4 | . . . . . . . . . . . . . . . . . . . . . 2 . 2 . . formatsys_high 54 | . . . . . . . . . . . 1 . . . 5 . 11 3 7 2 11 1 6 . 7 formatsys_deep 1 | . . . . . . . . . . . . . . . 1 . . . . . . . . . . Relay Couplers Released 89 | . . . . 9 . 7 . 5 . 10 . 4 . 7 . . 16 3 14 1 . 12 . 1 . Ejected 2 | . . . . . . . . . . . . . . . . . . 2 . . . . . . . Machine Destruction 87 | . . . . 9 . 7 . 5 . 10 . 4 . 7 . . 16 1 14 1 . 12 . 1 . Attached 39 | . . . . . 1 1 . . . . 1 . 1 1 4 1 5 4 7 . 3 4 3 . 3 Fabnet Peak Effective % . | . . . . . . . . . . . . . . . . . . . . . . . . . . Robots Rewired 16 | . . . . 3 . . . . . 4 1 . . 2 . . 6 . . . . . . . . Allies Hacked 5 | . . . . . . . . . . . 1 . . . . . 1 3 . . . . . . . Hacks Repelled . | . . . . . . . . . . . . . . . . . . . . . . . . . . Allies | -11 -10 -9 -8 -8 -8 -8 -7 -7 -6 -6 -5 -5 -4 -4 -3 -3 -3 -2 -2 -2 -2 -2 -2 -1 -1 -------- Run | Yrd Mat Mat Mat Gar Mat Gar Fac Gar Fac Gar Fac Gar Fac Gar Res Qua Gar Res Gar Res Tes Gar Sec Acc Com Total Allies 85 | . . . . 3 2 . . . . 4 2 2 . 2 8 . 17 4 7 2 14 3 8 . 7 Largest Group 12 | . . . . 3 1 . . . . 4 3 2 1 2 2 . 12 9 3 1 8 2 2 . 5 Highest-Rated Group 719 | . . . . 30 16 . . . . 167 141 139 62 84 151 . 556 420 199 64 383 181 179 . 719 Highest-Rated Ally 219 | . . . . 10 16 . . . . 46 49 77 62 46 82 . 64 69 69 64 64 148 115 . 219 Total Orders 59 | . . . . . . . . . . 2 3 . . 3 . . 12 . 10 . 10 . 4 . 15 STAY 30 | . . . . . . . . . . 1 2 . . . . . 7 . 6 . 3 . 2 . 9 ROAM 1 | . . . . . . . . . . . . . . 1 . . . . . . . . . . . FOLLOW 22 | . . . . . . . . . . 1 1 . . 1 . . 5 . 4 . 3 . 2 . 5 GUARD 2 | . . . . . . . . . . . . . . 1 . . . . . . . . . . 1 AID 4 | . . . . . . . . . . . . . . . . . . . . . 4 . . . . Ally Attacks 632 | . . . . 2 4 . . . . 49 15 11 2 2 25 . 121 54 34 8 110 5 55 . 135 Total Damage 23516 | . . . . 59 46 . . . . 1304 247 596 541 45 670 . 3669 1780 1434 286 3402 145 2078 . 7214 Kills 107 | . . . . . 1 . . . . 7 4 3 . . 4 . 22 11 6 1 17 . 13 . 18 Allies Corrupted 5 | . . . . . . . . . . . . . . . . . . 2 . . 2 . . . 1 Allies Melted 3 | . . . . . . . . . . . . . . . . . . 1 1 . . . 1 . . Intel | -11 -10 -9 -8 -8 -8 -8 -7 -7 -6 -6 -5 -5 -4 -4 -3 -3 -3 -2 -2 -2 -2 -2 -2 -1 -1 ------- Run | Yrd Mat Mat Mat Gar Mat Gar Fac Gar Fac Gar Fac Gar Fac Gar Res Qua Gar Res Gar Res Tes Gar Sec Acc Com Active Infowar (turns) 1888 | . . . . . . . . . . . . . . . . . . . . . . 22 478 518 870 Jamming 1888 | . . . . . . . . . . . . . . . . . . . . . . 22 478 518 870 Robot Analysis Total . | . . . . . . . . . . . . . . . . . . . . . . . . . . Derelict Logs Recovered . | . . . . . . . . . . . . . . . . . . . . . . . . . . Drone Launches . | . . . . . . . . . . . . . . . . . . . . . . . . . . Drone Recoveries . | . . . . . . . . . . . . . . . . . . . . . . . . . . Exploration | -11 -10 -9 -8 -8 -8 -8 -7 -7 -6 -6 -5 -5 -4 -4 -3 -3 -3 -2 -2 -2 -2 -2 -2 -1 -1 ------------- Run | Yrd Mat Mat Mat Gar Mat Gar Fac Gar Fac Gar Fac Gar Fac Gar Res Qua Gar Res Gar Res Tes Gar Sec Acc Com Turns Passed 25036 | 29 423 887 328 1214 267 1303 71 1138 167 1181 613 1234 189 1375 1878 1014 1428 1144 1343 281 1299 1130 1031 705 3364 Spaces Moved 12635 | 40 321 406 156 611 111 643 42 456 89 587 311 666 71 632 924 656 796 458 646 150 575 551 633 476 1628 Core 286 | 40 246 . . . . . . . . . . . . . . . . . . . . . . . . Treads 9725 | . 75 406 156 611 111 643 42 456 89 587 311 666 71 632 815 . 609 458 646 150 575 225 . . 1391 Legs 2095 | . . . . . . . . . . . . . . . . 410 187 . . . . 152 633 476 237 Wheels 529 | . . . . . . . . . . . . . . . 109 246 . . . . . 174 . . . Hover . | . . . . . . . . . . . . . . . . . . . . . . . . . . Flight . | . . . . . . . . . . . . . . . . . . . . . . . . . . Fastest Speed 50 | 50 50 160 160 160 160 160 160 160 160 160 160 155 155 155 140 110 111 150 150 158 155 120 99 95 95 Average Speed 150 | 50 100 160 160 160 168 160 160 160 160 160 160 155 155 158 154 124 149 183 154 158 164 148 112 97 156 Slowest Speed 305 | 50 160 160 160 160 200 200 160 240 160 240 160 160 156 229 305 185 190 252 158 158 232 240 169 169 250 Overloaded Moves . | . . . . . . . . . . . . . . . . . . . . . . . . . . Propulsion Burnouts . | . . . . . . . . . . . . . . . . . . . . . . . . . . Robots Hopped . | . . . . . . . . . . . . . . . . . . . . . . . . . . Potential Cave-ins 8 | . . . . . . . . . . . . . . . . . . . . . . . 8 . . Cave-ins Triggered . | . . . . . . . . . . . . . . . . . . . . . . . . . . Exploration Rate (%) 42 | 4 58 37 15 58 15 84 2 54 3 81 11 78 4 70 30 84 79 13 74 8 56 67 37 14 56 Regions Visited 25 Branch Regions 4 Pre-discovered Areas . | . . . . . . . . . . . . . . . . . . . . . . . . . . Known Exits Taken 12 | . . . 1 . 1 . 1 . 1 . 1 . 1 . 1 1 . 1 . 1 1 . . 1 . Unknown Exits Taken 4 | 1 1 1 . . . . . . . . . . . . . . . . . . . . 1 . . Scrap Searched . | . . . . . . . . . . . . . . . . . . . . . . . . . . Spaces Dug 87 | . 1 . . 4 1 . . 4 3 . . . 1 9 14 6 4 5 . 4 1 1 19 5 5 Terrain Destroyed 856 | . 1 . . 4 1 18 . 88 3 95 5 12 15 48 62 35 11 31 84 49 28 112 56 53 45 Melee 12 | . . . . 4 1 . . 4 3 . . . . . . . . . . . . . . . . Projectile 368 | . 1 . . . . . . 1 . 6 5 12 15 47 52 26 11 31 23 5 7 20 56 18 32 AOE 438 | . . . . . . 18 . 83 . 89 . . . . 9 9 . . 60 44 . 91 . 35 . Terrain Rammed . | . . . . . . . . . . . . . . . . . . . . . . . . . . Walls Destroyed . | . . . . . . . . . . . . . . . . . . . . . . . . . . Machines Disabled . | . . . . . . . . . . . . . . . . . . . . . . . . . . Actions | -11 -10 -9 -8 -8 -8 -8 -7 -7 -6 -6 -5 -5 -4 -4 -3 -3 -3 -2 -2 -2 -2 -2 -2 -1 -1 --------- Run | Yrd Mat Mat Mat Gar Mat Gar Fac Gar Fac Gar Fac Gar Fac Gar Res Qua Gar Res Gar Res Tes Gar Sec Acc Com Total 16283 | 46 367 540 203 734 158 798 45 637 108 715 388 791 118 813 1183 791 977 630 853 178 811 743 847 611 2198 Wait 900 | . . 28 7 2 11 27 . 2 8 37 18 61 8 37 45 41 28 25 41 1 45 37 50 31 310 Move 12617 | 39 320 405 156 610 111 642 42 455 89 586 311 665 71 631 923 656 795 457 645 149 574 550 633 475 1627 Hop . | . . . . . . . . . . . . . . . . . . . . . . . . . . Pick Up 251 | 3 7 15 2 8 1 16 1 10 . 8 12 6 5 7 20 17 16 13 15 1 16 12 11 5 24 Fast Attach 165 | 4 2 3 2 1 1 2 . 7 1 3 4 7 1 7 8 4 11 13 18 1 22 17 7 7 12 Attach 127 | . 2 2 . . . 6 2 3 3 6 4 . 6 5 11 7 4 13 4 . 17 3 5 4 20 Detach 49 | . 1 . . . 1 . . 1 . 7 1 . 2 1 2 1 4 . 4 . 11 1 . 3 9 Swap 284 | . 3 12 10 24 8 18 . 16 2 7 3 5 4 9 31 11 8 17 12 7 7 27 14 16 13 Drop 299 | . 2 17 9 18 1 14 . 14 2 4 10 13 4 8 11 16 24 9 25 2 22 23 8 12 31 Fire 1366 | . 28 57 14 52 13 57 . 86 . 50 22 34 17 100 126 38 79 81 78 16 85 50 112 54 117 Melee 119 | . . . . 19 11 7 . 34 3 2 . . . . . . . . . . . 22 . . 21 Ram 1 | . . . . . . . . . . . . . . . . . . . . . 1 . . . . Kick 9 | . . . . . . . . . . . . . . . . . . . . . . . 1 4 4 Crush 26 | . 2 1 3 . . . . . . 1 2 . . . 2 . . 2 8 . 3 . . . 2 Escape Stasis 15 | . . . . . . . . . . . . . . . . . 3 . . . 2 . 5 . 5 Rewire 34 | . . . . . . . . . . 1 1 . . 8 4 . 5 . 3 1 6 1 1 . 3 Trap . | . . . . . . . . . . . . . . . . . . . . . . . . . . Miscellaneous 21 | . . . . . . 9 . 9 . 3 . . . . . . . . . . . . . . . Route ------- -11/Scrapyard -10/Materials (discovered 3 exits: *Mat / [*Min x2]) -9/Materials (discovered 2 exits: *Mat / Min) -8/Materials -8/Garrison (discovered 3 exits: *Mat x3) -8/Materials -8/Garrison (discovered 3 exits: *Fac x3) -7/Factory -7/Garrison -6/Factory -6/Garrison (discovered 3 exits: *Fac x3) -5/Factory (discovered 3 exits: Upp x2 / Gar) -5/Garrison -4/Factory (discovered 2 exits: *Res / Gar) -4/Garrison (discovered 3 exits: *Res x3) -3/Research (discovered 3 exits: *Res / *Qua x2) -3/Quarantine (discovered 2 exits: *Res / Gar) -3/Garrison (discovered 3 exits: *Res x3) -2/Research -2/Garrison (discovered 3 exits: *Res x3) -2/Research (discovered 3 exits: *Acc / *Tes x2) -2/Testing -2/Garrison (discovered 3 exits: [*Sec x3]) -2/Section 7 -1/Access -1/Command (discovered 2 exits: [*Sur x2]) 0b11 Command History --------- Turn | Location | Event 12 | -11/Scrapyard | Discovered new exit (range 16) 30 | -11/Scrapyard | Entered Materials 60 | -10/Materials | Discovered new exit (range 8) 127 | -10/Materials | Discovered new exit (range 11) 318 | -10/Materials | Build established: Mutant 361 | -10/Materials | Discovered new exit (range 13) 453 | -10/Materials | Entered another Materials area 453 | -9/Materials | Evolved 2 slots: Propulsion x1, Weapon x1 622 | -9/Materials | Central database locked down 893 | -9/Materials | Build established: Scavenger-Tank 933 | -9/Materials | Discovered new exit (range 9) 1268 | -9/Materials | Identified exit to Mines 1340 | -9/Materials | Entered another Materials area 1340 | -8/Materials | Evolved 2 slots: Utility x1, Weapon x1 1516 | -8/Materials | Garrison activated, responded to threat 1668 | -8/Materials | Identified exit to Garrison 1668 | -8/Materials | Entered Garrison 1806 | -8/Garrison | Garrison Relay disabled 1894 | -8/Garrison | Triggered checkpoint 1948 | -8/Garrison | Triggered checkpoint 1986 | -8/Garrison | Installed Relay Interface Framework 2008 | -8/Garrison | Garrison Relay disabled 2095 | -8/Garrison | Discovered new exit (range 10) 2207 | -8/Garrison | Triggered checkpoint 2271 | -8/Garrison | Discovered new exit (range 75) 2271 | -8/Garrison | Discovered new exit (range 22) 2271 | -8/Garrison | Discovered new exit (range 101) 2356 | -8/Garrison | Expanded RIF knowledge: Robot Detection 2486 | -8/Garrison | Triggered checkpoint 2520 | -8/Garrison | Lost 3 allies 2605 | -8/Garrison | Destroyed 7 combat bots 2646 | -8/Garrison | Triggered checkpoint 2748 | -8/Garrison | Triggered checkpoint 2882 | -8/Garrison | Entered Materials 3104 | -8/Materials | Garrison activated, responded to threat 3149 | -8/Materials | Identified exit to Garrison 3149 | -8/Materials | Entered Garrison 3201 | -8/Garrison | Garrison Relay disabled 3327 | -8/Garrison | Phase Generator disabled 3457 | -8/Garrison | Triggered checkpoint 3465 | -8/Garrison | Triggered checkpoint 3520 | -8/Garrison | Build established: Bothacker-Gunner 3540 | -8/Garrison | Destroyed 8 combat bots 3649 | -8/Garrison | Spotted B-75 Beast 3681 | -8/Garrison | Destroyed B-75 Beast 3856 | -8/Garrison | Discovered new exit (range 12) 3899 | -8/Garrison | Triggered checkpoint 3948 | -8/Garrison | Triggered checkpoint 3970 | -8/Garrison | Expanded RIF knowledge: Patrol Navigation 4173 | -8/Garrison | Discovered new exit (range 10) 4241 | -8/Garrison | Triggered checkpoint 4285 | -8/Garrison | Garrison Relay disabled 4357 | -8/Garrison | Discovered new exit (range 14) 4452 | -8/Garrison | Entered Factory 4452 | -7/Factory | Evolved 2 slots: Propulsion x1, Utility x1 4523 | -7/Factory | Identified exit to Garrison 4523 | -7/Factory | Entered Garrison 4595 | -7/Garrison | Assembled breached garrison interior 4612 | -7/Garrison | Phase Generator disabled 4786 | -7/Garrison | Garrison Relay disabled 5017 | -7/Garrison | Destroyed 17 combat bots 5075 | -7/Garrison | Discovered new exit (range 13) 5078 | -7/Garrison | Build established: Scavenger-Gunner 5476 | -7/Garrison | Lost 3 parts (1p2w) 5535 | -7/Garrison | Destroyed 24 combat bots 5615 | -7/Garrison | Lost 4 parts (1p3w) 5661 | -7/Garrison | Entered Factory 5661 | -6/Factory | Evolved 2 slots: Utility x1, Weapon x1 5828 | -6/Factory | Identified exit to Garrison 5828 | -6/Factory | Entered Garrison 5883 | -6/Garrison | Phase Generator disabled 5925 | -6/Garrison | Garrison Relay disabled 5964 | -6/Garrison | Garrison Relay disabled 5974 | -6/Garrison | Triggered checkpoint 5987 | -6/Garrison | Build established: Bothacker-Tank 6101 | -6/Garrison | Triggered checkpoint 6166 | -6/Garrison | Discovered new exit (range 10) 6290 | -6/Garrison | Triggered checkpoint 6331 | -6/Garrison | Garrison Relay disabled 6496 | -6/Garrison | Triggered checkpoint 6561 | -6/Garrison | Discovered new exit (range 13) 6692 | -6/Garrison | Triggered checkpoint 6732 | -6/Garrison | Expanded RIF knowledge: Watcher Feeds 6816 | -6/Garrison | Triggered checkpoint 6944 | -6/Garrison | Triggered checkpoint 6956 | -6/Garrison | Discovered new exit (range 15) 7009 | -6/Garrison | Entered Factory 7009 | -5/Factory | Accompanied by 3 allies 7009 | -5/Factory | Evolved 2 slots: Propulsion x2 7087 | -5/Factory | Build established: Botlord-Tank 7198 | -5/Factory | Identified exit to Upper Caves 7315 | -5/Factory | Lost 3 allies 7518 | -5/Factory | P-70 Sage assimilated allied Sentinel 6b 7527 | -5/Factory | Garrison activated, responded to threat 7622 | -5/Factory | Identified exit to Garrison 7622 | -5/Factory | Entered Garrison 7652 | -5/Garrison | Triggered checkpoint 7679 | -5/Garrison | Garrison Relay disabled 7747 | -5/Garrison | Spotted B-75 Beast 7780 | -5/Garrison | Destroyed B-75 Beast 7836 | -5/Garrison | Spotted B-75 Beast 7890 | -5/Garrison | Triggered checkpoint 7935 | -5/Garrison | Triggered checkpoint 7985 | -5/Garrison | Destroyed 9 combat bots 8146 | -5/Garrison | Triggered checkpoint 8464 | -5/Garrison | Triggered checkpoint 8624 | -5/Garrison | Found embedded Infiltrators 8639 | -5/Garrison | Discovered new exit (range 13) 8670 | -5/Garrison | Triggered checkpoint 8771 | -5/Garrison | Expanded RIF knowledge: Coupler Efficiency 8856 | -5/Garrison | Entered Factory 8856 | -4/Factory | Accompanied by 1 ally 8856 | -4/Factory | Evolved 2 slots: Power x1, Utility x1 8867 | -4/Factory | Discovered new exit (range 8) 8967 | -4/Factory | Garrison activated, responded to threat 9045 | -4/Factory | Identified exit to Garrison 9045 | -4/Factory | Entered Garrison 9144 | -4/Garrison | Expanded RIF knowledge: Coupler Efficiency 9181 | -4/Garrison | Garrison Relay disabled 9369 | -4/Garrison | Spotted B-86 Titan 9392 | -4/Garrison | Destroyed B-86 Titan 9426 | -4/Garrison | Found Relay Coupler [Proto] 9430 | -4/Garrison | Found Relay Coupler [Proto] 9589 | -4/Garrison | Spotted B-86 Titan 9661 | -4/Garrison | Destroyed B-86 Titan 9680 | -4/Garrison | Lost 4 parts (2n1u1w) 9741 | -4/Garrison | Triggered checkpoint 9751 | -4/Garrison | Triggered checkpoint 9805 | -4/Garrison | Discovered new exit (range 9) 9879 | -4/Garrison | Triggered checkpoint 9942 | -4/Garrison | Garrison Relay disabled 10052 | -4/Garrison | Triggered checkpoint 10191 | -4/Garrison | Discovered new exit (range 15) 10302 | -4/Garrison | Spotted B-90 Cyclops 10364 | -4/Garrison | Discovered new exit (range 11) 10420 | -4/Garrison | Entered Research 10420 | -3/Research | Evolved 2 slots: Utility x2 10544 | -3/Research | Lost 3 allies 10694 | -3/Research | Discovered new exit (range 4) 10789 | -3/Research | Identified exit to Research 11170 | -3/Research | First assault squad dispatched 11438 | -3/Research | Identified exit to Quarantine 11744 | -3/Research | Assimilated Heavy ARC 8a with formatsys_deep 12028 | -3/Research | Lost 5 parts (2n2u1w) 12298 | -3/Research | Entered Quarantine 12427 | -3/Quarantine | Cryocooling Duct disabled 12442 | -3/Quarantine | Ambient heat levels rising (+20) 12442 | -3/Quarantine | Non-combat units ordered to evacuate 12526 | -3/Quarantine | Garrison activated, responded to threat 12556 | -3/Quarantine | Found Alien Artifact 12660 | -3/Quarantine | Lost 3 parts (1n1u1w) 12678 | -3/Quarantine | Discovered exit to Research (range 5) 12773 | -3/Quarantine | Found Alien Artifact 12897 | -3/Quarantine | Spotted Alpha 7 12933 | -3/Quarantine | Found Alien Impact Weapon 13017 | -3/Quarantine | Build established: Botlord-Gunner 13021 | -3/Quarantine | System corruption reached 10% 13036 | -3/Quarantine | Found Alien Artifact 13107 | -3/Quarantine | Identified Core Reset Matrix 13156 | -3/Quarantine | Found Alien Artifact 13312 | -3/Quarantine | Identified exit to Garrison 13312 | -3/Quarantine | Entered Garrison 13361 | -3/Garrison | Triggered checkpoint 13374 | -3/Garrison | Garrison Relay disabled 13398 | -3/Garrison | Expanded RIF knowledge: Coupler Efficiency 13445 | -3/Garrison | Triggered checkpoint 13556 | -3/Garrison | Triggered checkpoint 13569 | -3/Garrison | Triggered checkpoint 13588 | -3/Garrison | Triggered checkpoint 13668 | -3/Garrison | Lost 4 allies 13708 | -3/Garrison | Triggered checkpoint 13724 | -3/Garrison | Discovered exit to Research (range 15) 13883 | -3/Garrison | Build established: Botlord-Tank 13966 | -3/Garrison | Garrison Relay disabled 14056 | -3/Garrison | Triggered checkpoint 14061 | -3/Garrison | P-80 Master assimilated allied Champion 8c 14090 | -3/Garrison | Triggered checkpoint 14118 | -3/Garrison | Triggered checkpoint 14318 | -3/Garrison | Discovered exit to Research (range 8) 14328 | -3/Garrison | Triggered checkpoint 14369 | -3/Garrison | Garrison Relay disabled 14395 | -3/Garrison | Discovered exit to Research (range 21) 14395 | -3/Garrison | Discovered exit to Research (range 69) 14395 | -3/Garrison | Discovered exit to Research (range 49) 14398 | -3/Garrison | Lost 3 allies 14627 | -3/Garrison | Garrison Relay disabled 14634 | -3/Garrison | Triggered checkpoint 14740 | -3/Garrison | Entered Research 14740 | -2/Research | Accompanied by 9 allies 14740 | -2/Research | Evolved 2 slots: Utility x2 14783 | -2/Research | Central database locked down 14809 | -2/Research | Garrison activated, responded to threat 14860 | -2/Research | Lost 6 allies 14990 | -2/Research | First assault squad dispatched 14998 | -2/Research | Destroyed 7 combat bots 15090 | -2/Research | Garrison activated, responded to threat 15320 | -2/Research | Found Prototype Launcher 15320 | -2/Research | Identified Adv. Micro-nuke Launcher 15407 | -2/Research | Garrison activated, responded to threat 15454 | -2/Research | System corruption reached 10% 15496 | -2/Research | Lost 11 parts (1p4n4u2w) 15866 | -2/Research | Identified exit to Garrison 15884 | -2/Research | Entered Garrison 15884 | -2/Garrison | Accompanied by 1 ally 15976 | -2/Garrison | Triggered checkpoint 16037 | -2/Garrison | Garrison Relay disabled 16068 | -2/Garrison | Build established: Botlord-Gunner 16086 | -2/Garrison | P-80 Master assimilated allied Terminator 9d 16104 | -2/Garrison | Found Relay Coupler [Proto] 16107 | -2/Garrison | Found Relay Coupler [Proto] 16111 | -2/Garrison | Found Relay Coupler [Proto] 16121 | -2/Garrison | Found Relay Coupler [Proto] 16198 | -2/Garrison | Spotted B-90 Cyclops 16246 | -2/Garrison | Destroyed B-90 Cyclops 16310 | -2/Garrison | Triggered checkpoint 16419 | -2/Garrison | Triggered checkpoint 16458 | -2/Garrison | P-80 Master assimilated allied Enforcer 9b 16472 | -2/Garrison | Triggered checkpoint 16479 | -2/Garrison | Triggered checkpoint 16569 | -2/Garrison | Discovered new exit (range 11) 16583 | -2/Garrison | Expanded RIF knowledge: Program Shield 16723 | -2/Garrison | Garrison Relay disabled 16840 | -2/Garrison | Discovered new exit (range 13) 16872 | -2/Garrison | Triggered checkpoint 16922 | -2/Garrison | Build established: Botlord-Tank 16930 | -2/Garrison | Garrison Relay disabled 17195 | -2/Garrison | Discovered new exit (range 14) 17201 | -2/Garrison | Spotted B-75 Beast 17227 | -2/Garrison | Entered Research 17329 | -2/Research | Identified exit to Testing 17477 | -2/Research | First assault squad dispatched 17503 | -2/Research | Discovered new exit (range 10) 17508 | -2/Research | Entered Testing 17508 | -2/Testing | Accompanied by 1 ally 17758 | -2/Testing | Fabricated Enh. Nova Cannon (x2) 17758 | -2/Testing | First assault squad dispatched 17819 | -2/Testing | Found Prototype Ballistic Cannon 17819 | -2/Testing | Identified Perforator 17876 | -2/Testing | Build established: Botlord-Gunner 17960 | -2/Testing | Lost 4 allies 18063 | -2/Testing | Spotted PY-MB2QYPZQVN 18084 | -2/Testing | Garrison activated, responded to threat 18093 | -2/Testing | Destroyed PY-MB2QYPZQVN 18162 | -2/Testing | Lost 11 parts (2p3n4u2w) 18294 | -2/Testing | Identified exit to Garrison 18374 | -2/Testing | Build established: Botlord-Tank 18381 | -2/Testing | Found Thermal Barrier 18423 | -2/Testing | Lost 3 allies 18561 | -2/Testing | Lost 5 allies 18637 | -2/Testing | Destroyed 10 combat bots 18677 | -2/Testing | System corruption reached 30% 18807 | -2/Testing | Entered Garrison 18905 | -2/Garrison | Expanded RIF knowledge: Alert ID Control 18989 | -2/Garrison | Triggered checkpoint 19130 | -2/Garrison | Triggered checkpoint 19140 | -2/Garrison | Triggered checkpoint 19143 | -2/Garrison | Destroyed 8 combat bots 19149 | -2/Garrison | Assimilated Cyclops 9a with formatsys_high 19239 | -2/Garrison | Triggered checkpoint 19465 | -2/Garrison | Discovered new exit (range 10) 19495 | -2/Garrison | Triggered checkpoint 19499 | -2/Garrison | Core integrity fell below 50% 19541 | -2/Garrison | Build established: Botlord-Gunner 19587 | -2/Garrison | Garrison Relay disabled 19625 | -2/Garrison | Discovered new exit (range 55) 19625 | -2/Garrison | Discovered new exit (range 68) 19625 | -2/Garrison | Discovered new exit (range 12) 19759 | -2/Garrison | Triggered checkpoint 19787 | -2/Garrison | Expanded RIF knowledge: Threat Obfuscation 19799 | -2/Garrison | Garrison Relay disabled 19937 | -2/Garrison | Entered Section 7 19944 | -2/Section 7 | Spotted S7 Guard 19962 | -2/Section 7 | Found Alien Artifact 19991 | -2/Section 7 | Identified Hpw. Transdimensional Reconstructor 19991 | -2/Section 7 | Identified Core Regenerator 19991 | -2/Section 7 | Identified Subatomic Replicator 20005 | -2/Section 7 | Used Core Regenerator, restored core integrity (+362) 20008 | -2/Section 7 | Found Integrity Redistributor 20009 | -2/Section 7 | Used Integrity Redistributor, redistributed integrity from core (-182) 20334 | -2/Section 7 | Spotted S7 Guard 20336 | -2/Section 7 | Assimilated S7 Guard with formatsys_high 20347 | -2/Section 7 | Found Alien Artifact 20411 | -2/Section 7 | Identified Core Membrane 20415 | -2/Section 7 | Installed Core Membrane, gained immunity to corruption 20437 | -2/Section 7 | First assault squad dispatched 20857 | -2/Section 7 | Spotted S7 Guard 20868 | -2/Section 7 | Found Alien Artifact 20890 | -2/Section 7 | Spotted S7 Guard 20898 | -2/Section 7 | Found Alien Artifact 20915 | -2/Section 7 | Assimilated S7 Guard with formatsys_high 20932 | -2/Section 7 | Discovered new exit (range 15) 20968 | -2/Section 7 | Entered Access 20968 | -1/Access | Evolved 2 slots: Utility x1, Weapon x1 20997 | -1/Access | Lost 3 parts (2p1w) 21066 | -1/Access | Identified exit to Command 21291 | -1/Access | Spotted B-99 Colossus 21418 | -1/Access | Build established: Botlord-Executioner 21673 | -1/Access | Entered Command 21874 | -1/Command | Spotted B-99 Colossus 21876 | -1/Command | Assimilated Colossus 10a with formatsys_high 21907 | -1/Command | Spotted Striker 21907 | -1/Command | Spotted Alpha 7 21915 | -1/Command | Spotted Executioner 21935 | -1/Command | Assimilated Alpha 7 with formatsys_high 21936 | -1/Command | Assimilated Executioner with formatsys_high 21937 | -1/Command | Allies destroyed Striker 21942 | -1/Command | Spotted Striker 21948 | -1/Command | Spotted B-99 Colossus 21948 | -1/Command | Spotted Executioner 21948 | -1/Command | Spotted Executioner 21948 | -1/Command | Spotted Executioner 21948 | -1/Command | Spotted Alpha 7 21950 | -1/Command | Allies destroyed Striker 21950 | -1/Command | Assimilated Alpha 7 with formatsys_high 21952 | -1/Command | Assimilated Executioner with formatsys_high 21956 | -1/Command | Assimilated Executioner with formatsys_high 21959 | -1/Command | Assimilated Executioner with formatsys_high 21962 | -1/Command | Spotted B-99 Colossus 21969 | -1/Command | Allies destroyed B-99 Colossus 21977 | -1/Command | Allies destroyed B-99 Colossus 21995 | -1/Command | Found Corrupted Exp. Core Analyzer 22000 | -1/Command | Found Exp. Targeting Computer 22008 | -1/Command | Lost 3 allies 22023 | -1/Command | Found Corrupted Prototype Ballistic Gun 22041 | -1/Command | Discovered new exit (range 8) 22044 | -1/Command | Found Prototype Ballistic Gun 22071 | -1/Command | Found Adv. Kinecellerator 22451 | -1/Command | Spotted Combat Programmer 22451 | -1/Command | Spotted Combat Programmer 22457 | -1/Command | Spotted M Guard 22458 | -1/Command | Combat Programmer assimilated allied Colossus 10a 22462 | -1/Command | Allies destroyed Colossus 10a 22479 | -1/Command | Allies destroyed Combat Programmer 22482 | -1/Command | Allies destroyed Combat Programmer 22516 | -1/Command | Allies destroyed M Guard 22517 | -1/Command | Lost 6 parts (2p1n3w) 22547 | -1/Command | Destroyed M Guard 22547 | -1/Command | All MAIN.C guards destroyed 22557 | -1/Command | Found Corrupted Prototype Ballistic Gun 22579 | -1/Command | Found Corrupted Prototype Device 22579 | -1/Command | Identified AEGIS Remote Shield 22582 | -1/Command | Found Corrupted Prototype Reactor 22582 | -1/Command | Identified Zero-point Reactor 22587 | -1/Command | Found Corrupted Prototype Protection 22587 | -1/Command | Identified Hvy. Regenerative Plating 22623 | -1/Command | Found Zero-point Reactor 22631 | -1/Command | Found Hvy. Regenerative Plating 22790 | -1/Command | Build established: Scavenger-Executioner 22911 | -1/Command | Identified Multirail (x3) 22939 | -1/Command | Met MAIN.C 22941 | -1/Command | 0b10 Conduit disabled 22972 | -1/Command | Destroyed MAIN.C Shell 22975 | -1/Command | MAIN.C activated Command garrisons 23005 | -1/Command | Destroyed MAIN.C 23025 | -1/Command | Identified Integrated Thermoelectric Network 23025 | -1/Command | Identified Core Physics Calibrator 23025 | -1/Command | Discovered new exit (range 40) 23025 | -1/Command | Discovered new exit (range 85) 23025 | -1/Command | Extracted map data and part IDs from MAIN.C's data core 23029 | -1/Command | Installed Integrated Thermoelectric Network, gained heat-energy exchange potential 23033 | -1/Command | Found Zero-point Reactor 23062 | -1/Command | Spotted B-99 Colossus 23083 | -1/Command | Destroyed B-99 Colossus 23105 | -1/Command | Found Multirail 25037 | *** | Establishing 0b11! Last Messages --------------- 24072_ R-10 Processor destroyed. 24074_ K-01 Serf collects debris. 24079_ Acquired 27 matter. 24100_ K-01 Serf collects debris. 24124_ Slug penetrates H-88 Terminator. 24124_ Slug penetrates Door. 24124_ Slug penetrates H-88 Terminator. 24124_ H-88 Terminator destroyed. 24127_ Acquired 27 matter. 24166_ K-01 Serf collects debris. 24347_ Sneak attack on K-01 Serf. 24347_ K-01 Serf destroyed. 24945_ Slug penetrates Wave Inhibitor. 24945_ Wave Inhibitor disabled. 24945_ Slug penetrates Wave Inhibitor. 24945_ Slug penetrates Wall. 24946_ Wall collapses. 24985_ Acquired 27 matter. Map ----- +----------------------------------------------------+ | "T # [ # ## # = #????????????? | | "" # # ## # #?#######????? | | # #! # ## + #?# #????? | | ## ## # ## ## # ! #?# #????? | | ## ## # ### ## #####+####### #????? | | ## ## # #?# ####+###### # #????? | | ## ## + #?# ## # #????? | | ## ######## #?# # #?#### | | ## #??????# #? ^ # #?#??? | | ## #??????# #?# # #?#?## | | ?# #??????# #?# " " "" ^ # #?#?#" | | ?# ########+#### "" """" + #?#?#" | | ?# ## + % % "" """" !% # #?#?#" | | ?# ## ### "" "" # #?#?# | | ?# ## #?# # #######?#?#" | | ## ## #?# !%[ #??????#?#" | | ## ## #?# = #??????#?#" | | ## ## #?# # #??????#?# | | ?# ## #?###+### % #?????##?# | | ?# ##+##### #??# %! % ###### #?# | | ?# # !! # #### * ########## ## # #?#" | | ## # ! # % #??# # ## ###?# | | # # ####??# +%= ##"" # #?# | | * " " ####### #* *=!! " #?#! | | =*= + ! # ## ## % "%!!%[%*""!#### | | % # # ## @ ## =" !! ! !%=%|=! | | ##### " [=* #" = !!% = *!!! | | ????#= # !%= ## #! !% !=! | | ????#% ######+########### # =!"#### | | ????#%=% ## ^ #?????# #"" = "##?# | | ????# ## #?????# #"" ! # #?# | | #####%/% ## ![ #?????# #"" ###?## | | =[ ]# ## ![ #?????# #"" "##??? | | =% #+####+## ! #?????##+####" ###### | | %* # # # #??????# #??#"" ###??? | | # # # ] #??????# #??#"" ""#??? | | ## # # #??????# #??#"" ! ""#??? | | ?# # ##################+####"" T"#??? | | ?# + #????????# #" = ""#??? | | ?#### # ! #????????# # =%* ""#??? | | ????# # #????????# # % ! ###### | | ????# # = #????????# + | | ###?# # #????????# # | | ""#?# # ! !#????????# * # #########"" | | ""#?# #####+#????????# ######????####"" | | ""###+##### #????????# #?????????#]][ | | " ## #????????#! #?????????#[][ ] | | ""#= ## #????????# #?????????#!!! | | ### ## #????????# #?????????#!!!** | | ??# = ## #????????# #?????????###### | +----------------------------------------------------+ Best States ------------- Heat Dissipation 163 Coolant Potential 120 Energy Generation 61 Energy Capacity 600 Matter Stores 300 Matter Capacity 300 Sight Range 16 Terrain Scan Density 10 Jamming Range 14 Base Temperature (-) 200 Armor Coverage 1200 Resistance: TH 50 Evasion (%) 56 Targeting Accuracy 16 Target Analysis 6 Core Analysis 11 Armor Integrity Analysis 40 Recoil Reduction 6 Energy Filtering 50 Kinecelleration 50 Salvage Targeting 2 Offensive Hacking 14 Relay Coupler Types 6 Relay Coupler Value 167 Item Schematics ----------------- Com. Linear Accelerator | -2/Section 7 | Archive Imp. Matter Neutralizer | -2/Section 7 | Archive Exp. Signal Interpreter | -2/Section 7 | Archive Robot Schematics ------------------ T-07 Excavator | -2/Section 7 | Archive Fabricated ------------ Enh. Nova Cannon | x2 | -2/Testing | Preloaded Repaired ---------- Nothing Studied --------- Hvy. Assault Rifle | -9/Materials | Hacked Minigun | -8/Materials | Hacked Katana | -8/Materials | Hacked Rocket Launcher | -8/Materials | Hacked Lgt. Treads | -8/Materials | Hacked Deuterium Engine | -8/Materials | Hacked Imp. Datajack | -8/Materials | Hacked Enh. Nova Cannon | -3/Research | Hacked Nova Cannon | -3/Research | Hacked Biometal Leg | -3/Quarantine | Hacked Railgun | -2/Research | Hacked Hvy. Shock Bomb Launcher | -2/Research | Hacked Adv. Remote Datajack | -2/Research | Hacked Alien Tech Used ----------------- Core Regenerator Integrity Redistributor Core Membrane Integrated Thermoelectric Network Achievements -------------- None Challenges ------------ None Game ------ Seed ChipTrackerMediator Manual? 0 Play Time 02:55:20 Cumulative 1559.8 hours Start 2026.07.15 @ 16:06:25 End 2026.07.15 @ 20:00:42 Sessions 3 Manual Loads 0 Difficulty Rogue Special Mode None Game No. 791 Rogue 779 Adventurer 12 Explorer 0 Win Type 1 Total 406 Types 200/31/96/14/5/5/17/13/11/14 Lore% 99 Gallery% 95 Achievement% 99 Wizard Run 0 Options --------- Layout 2 ASCII 0 Keyboard 0 Movement Arrows Keybinds 0 Fullscreen 1 Font 32/SmallcapsGlow Map View 50x44 Zoom Use 0% Tactical HUD 1 Map Filters NONE Filters NONE Steam 1 RUN: 413c68da-bff9-4fd1-8b14-76738fd06aaa